cohdb
Replays
Latest Replays
All Replays
Popular Replays
Top Player Replays
Match Explorer
How It Works
Community
CoH3 Stats
Reddit
Sign in to upload your games and track your stats! →
Sign in with Steam
Match 43589096
Unlisted
Match 43589096
Overview
Messages
Build Orders
End
Royal Engineer Section
Selects Canadian Shock Battlegroup
Royal Engineer Section
Royal Engineer Section
Royal Engineer Section
Vickers Machine Gun Team
Selects Offensive Resupply
Selects Canadian Shock Section
Canadian Shock Section
Selects Incendiary Munitions
Construct Section Command Post
Construct Field Infirmary
Construct Platoon Command Post
Selects Pyrotechnics
Construct Company Command Post
6-pounder Anti-tank Gun Team
Crusader II Medium Tank
Canadian Shock Section
6-pounder Anti-tank Gun Team
Vickers Machine Gun Team
Selects Churchill Crocodile Heavy Tank
Selects Smoke Operation
Churchill Crocodile Heavy Tank
Armored Vehicle Training
Ang1eton
Monsieur Nathan
0
0
Comments
sign in to comment!
No comments posted yet!